Vegas Golden Knights vs Philadelphia Flyers
Created - Saturday, April 22, 2023 at 07:17
Goals
|
| Vegas Golden Knights |
2 |
1 |
1 |
4 |
| Philadelphia Flyers |
0 |
1 |
2 |
3 |
|
Shots
|
| Vegas Golden Knights |
9 |
17 |
8 |
34 |
| Philadelphia Flyers |
9 |
9 |
19 |
37 |
|
1st period
1. Vegas Golden Knights , Victor Olofsson 6 (John Marino 12) at 15:16
2. Vegas Golden Knights , Artemi Panarin 13 (Jordan Staal 11) at 15:57
Penalties :
Ben Chiarot (PHI) for Hooking (Minor) at 0:10, Andrew Peeke (VGK) for Tripping (Minor) at 7:32, Brian Dumoulin (VGK) for Hooking (Minor) at 12:06
2nd period
3. Philadelphia Flyers , Elias Lindholm 13 (Tyler Bertuzzi 17, Alexander Barabanov 6) at 0:53
4. Vegas Golden Knights , Andreas Johnsson 2 (Marc-Edouard Vlasic 6, Colin White 14) at 2:09
Penalties :
Yanni Gourde (PHI) for Tripping (Minor) at 5:40, Andrew Peeke (VGK) for Roughing (Minor) at 12:25, P.K. Subban (VGK) for Tripping (Minor) at 16:00
3rd period
5. Philadelphia Flyers , Evgenii Dadonov 7 (Calvin de Haan 7) at 1:56
6. Vegas Golden Knights , Tom Wilson 15 (P.K. Subban 5, Jaden Schwartz 10) at 4:00 (PP)
7. Philadelphia Flyers , Tyler Johnson 5 (Marcus Johansson 8, Oliver Ekman-Larsson 5) at 6:19
Penalties :
Oliver Ekman-Larsson (PHI) for Roughing (Minor) at 2:45, Tom Wilson (VGK) for Tripping (Minor) at 9:30, Marc Staal (VGK) for High sticking (Minor) at 16:34
Goalie Stats
Casey DeSmith (VGK), 34 saves from 37 shots - (0.919), W, 9-6-5, 60:00 minutes
Mackenzie Blackwood (PHI), 30 saves from 34 shots - (0.882), L, 7-3-1, 59:10 minutes
Players Stats for Vegas Golden Knights
Player Name G A P +/- PIM S H SB GA TA FO MP PP MP PK MP
------------------------------------------------------------------------------------
Andreas Johnsson 1 0 1 2 0 3 1 0 1 0 0/1 8:14 2:34 0:00
Andrew Peeke 0 0 0 0 4 1 1 0 0 1 0/0 18:50 0:00 4:59
Anthony Cirelli 0 0 0 -2 0 0 1 1 0 0 8/17 15:04 0:00 3:42
Artemi Panarin 1 0 1 1 0 7 0 1 0 0 0/1 18:56 2:39 0:31
Brian Dumoulin 0 0 0 1 2 2 2 1 0 0 0/0 23:54 0:00 3:26
Colin White 0 1 1 2 0 0 0 0 0 0 3/7 8:19 2:39 0:03
Jaden Schwartz 0 1 1 -2 0 2 0 0 0 0 0/0 16:12 3:01 2:22
John Marino 0 1 1 1 0 1 2 1 0 1 0/0 25:33 2:12 3:27
Jonathan Drouin 0 0 0 -1 0 2 1 1 0 0 0/0 8:44 0:00 0:00
Jordan Staal 0 1 1 1 0 0 0 0 0 0 21/39 23:24 0:00 5:56
Marc Staal 0 0 0 0 2 3 0 1 0 1 0/0 18:58 0:00 6:03
Marc-Edouard Vlasic 0 1 1 -1 0 1 0 2 0 1 0/0 13:53 0:00 4:22
P.K. Subban 0 1 1 -1 2 0 0 1 0 0 0/0 14:14 3:01 1:31
Rickard Rakell 0 0 0 -2 0 1 0 2 0 1 0/1 13:21 2:34 0:00
Tom Wilson 1 0 1 1 2 4 2 1 2 1 1/2 24:52 2:39 5:19
Victor Olofsson 1 0 1 2 0 3 0 0 1 1 0/0 7:59 2:12 0:00
Vladislav Namestnikov 0 0 0 -1 0 2 3 0 1 0 3/9 14:12 2:34 3:00
Zach Parise 0 0 0 -1 0 2 0 0 0 0 0/1 13:21 0:00 2:55
Players Stats for Philadelphia Flyers
Player Name G A P +/- PIM S H SB GA TA FO MP PP MP PK MP
------------------------------------------------------------------------------------
Alexander Barabanov 0 1 1 1 0 0 1 0 0 0 0/1 13:41 0:23 0:53
Alexander Edler 0 0 0 2 0 0 3 2 1 0 0/0 21:09 5:55 2:03
Ben Chiarot 0 0 0 -2 2 0 1 2 0 0 0/0 15:26 0:00 1:31
Calle Jarnkrok 0 0 0 -2 0 0 1 1 2 1 4/9 9:42 0:00 1:45
Calvin de Haan 0 1 1 2 0 1 1 0 0 0 0/0 12:20 0:00 0:00
Carter Verhaeghe 0 0 0 0 0 7 0 1 1 0 0/1 19:07 6:15 0:00
Elias Lindholm 1 0 1 1 0 3 2 0 0 0 19/31 22:26 6:31 2:19
Evan Rodrigues 0 0 0 -2 0 1 1 0 1 0 0/0 13:07 5:16 0:00
Evgenii Dadonov 1 0 1 0 0 5 2 1 1 0 0/0 17:12 5:16 0:00
Justin Faulk 0 0 0 -1 0 2 1 6 0 4 0/0 24:29 5:59 2:57
Marcus Johansson 0 1 1 1 0 4 0 0 1 0 0/0 10:31 0:07 0:46
Matt Roy 0 0 0 -1 0 1 0 0 0 0 0/0 23:11 5:55 2:16
Oliver Ekman-Larsson 0 1 1 0 2 1 2 1 0 0 0/0 23:37 5:59 1:39
Riley Sheahan 0 0 0 1 0 2 0 1 0 0 5/6 11:57 0:00 2:26
Tomas Tatar 0 0 0 -2 0 1 1 0 0 0 0/0 8:01 0:07 0:09
Tyler Bertuzzi 0 1 1 1 0 7 1 0 0 0 0/3 19:53 6:31 0:00
Tyler Johnson 1 0 1 1 0 1 1 1 0 0 0/1 9:54 0:00 0:23
Yanni Gourde 0 0 0 0 2 1 2 1 0 0 14/26 19:01 5:16 1:45
3 Stars
1 - Andreas Johnsson (VGK)
2 - Victor Olofsson (VGK)
3 - Artemi Panarin (VGK)
Power Play
Vegas Golden Knights - 1 on 3 Attempt(s) - 33.33%
Philadelphia Flyers - 0 on 6 Attempt(s) - 0.00%
Penalty Kill
Vegas Golden Knights - 6 on 6 Attempt(s) - 100.00%
- Score 0 goal in Penalty Kill
Philadelphia Flyers - 2 on 3 Attempt(s) - 66.67%
- Score 0 goal in Penalty Kill
Team Stat
Vegas Golden Knights - Hits : 13 - Faceoff Wins : 36 - Blocked Shots : 12 - Penalty Minutes : 12
Philadelphia Flyers - Hits : 20 - Faceoff Wins : 42 - Blocked Shots : 17 - Penalty Minutes : 6
Official
Referees : Chris Rooney and Francois StLaurent
Linesman : Thor Nelson and Greg Devorski
Game Notes
No Game Note
Finance
Level 1 -- Attendance: 5463 (91.05%) -- Ticket Income $518,985
Level 2 -- Attendance: 5000 (100.00%) -- Ticket Income $280,000
Level 3 -- Attendance: 2363 (78.77%) -- Ticket Income $85,068
Level 4 -- Attendance: 5000 (100.00%) -- Ticket Income $100,000
Luxury Box -- Attendance: 866 (86.60%) -- Ticket Income $168,870
Game was played at the Wells Fargo Center.
Total Attendance: 18692 (93.46%)
Total Ticket Income: $1,152,923
Other Income: $403,523
Total Income: $1,556,446
Vegas Golden Knights
5 vs 5 Forward
Center Left Wing Right Wing Time % Phy DF OF
1 Jordan Staal Artemi Panarin Tom Wilson 40 1 2 2
2 Anthony Cirelli Jaden Schwartz Rickard Rakell 30 1 2 2
3 Vladislav Namestnikov Zach Parise Jonathan Drouin 20 1 2 2
4 Colin White Andreas Johnsson Victor Olofsson 10 1 2 2
5 vs 5 Defense
Defense Defense Time % Phy DF OF
1 Brian Dumoulin John Marino 40 1 2 2
2 Marc Staal Andrew Peeke 30 1 2 2
3 Marc-Edouard Vlasic P.K. Subban 20 1 2 2
4 Brian Dumoulin John Marino 10 1 2 2
PowerPlay Forward
Center Left Wing Right Wing Time % Phy DF OF
1 Colin White Artemi Panarin Tom Wilson 60 1 2 2
2 Vladislav Namestnikov Andreas Johnsson Rickard Rakell 40 1 2 2
PowerPlay Defense
Defense Defense Time % Phy DF OF
1 Jaden Schwartz P.K. Subban 60 1 2 2
2 Victor Olofsson John Marino 40 1 2 2
Penalty Kill 4 Players Forward
Center Wing Time % Phy DF OF
1 Jordan Staal Tom Wilson 60 1 2 2
2 Anthony Cirelli Zach Parise 40 1 2 2
Penalty Kill 4 Players Defense
Defense Defense Time % Phy DF OF
1 Marc Staal Andrew Peeke 60 1 2 2
2 Marc-Edouard Vlasic Brian Dumoulin 40 1 2 2
Penalty Kill - 3 Players Forward
Forward Time % Phy DF OF
1 Anthony Cirelli 60 1 2 2
2 Zach Parise 40 1 2 2
Penalty Kill - 3 Players Defense
Defense Defense Time % Phy DF OF
1 Marc Staal Andrew Peeke 60 1 2 2
2 Marc-Edouard Vlasic Brian Dumoulin 40 1 2 2
4 vs 4 Forward
Center Wing Time % Phy DF OF
1 Jordan Staal Artemi Panarin 60 1 2 2
2 Anthony Cirelli Tom Wilson 40 1 2 2
4 vs 4 Defense
Defense Defense Time % Phy DF OF
1 Marc Staal Andrew Peeke 60 1 2 2
2 Brian Dumoulin John Marino 40 1 2 2
Last Minutes Offensive
Center Left Wing Right Wing Defense Defense
Jordan Staal Artemi Panarin Tom Wilson Brian Dumoulin John Marino
Last Minutes Defensive
Center Left Wing Right Wing Defense Defense
Jordan Staal Zach Parise Tom Wilson Brian Dumoulin Andrew Peeke
Goaltenders
Starting : Casey DeSmith
Backup : Philipp Grubauer
Extra Forwards
Normal : Rickard Rakell, Artemi Panarin, Jordan Staal - PP : Anthony Cirelli, Zach Parise - PK : Vladislav Namestnikov
Extra Defensemen
Normal : Marc Staal, John Marino, Brian Dumoulin - PP : Marc Staal - PK : John Marino, P.K. Subban
Penalty Shots
Artemi Panarin, Rickard Rakell, Andreas Johnsson, Anthony Cirelli, Victor Olofsson
Philadelphia Flyers
5 vs 5 Forward
Center Left Wing Right Wing Time % Phy DF OF
1 Elias Lindholm Tyler Bertuzzi Alexander Barabanov 30 0 3 2
2 Yanni Gourde Carter Verhaeghe Evgenii Dadonov 30 0 3 2
3 Calle Jarnkrok Evan Rodrigues Tomas Tatar 20 0 3 2
4 Riley Sheahan Marcus Johansson Tyler Johnson 20 0 3 2
5 vs 5 Defense
Defense Defense Time % Phy DF OF
1 Justin Faulk Ben Chiarot 35 0 3 2
2 Oliver Ekman-Larsson Matt Roy 35 0 3 2
3 Alexander Edler Calvin de Haan 30 0 3 2
4 Justin Faulk Ben Chiarot 0 0 3 2
PowerPlay Forward
Center Left Wing Right Wing Time % Phy DF OF
1 Elias Lindholm Tyler Bertuzzi Carter Verhaeghe 55 0 1 4
2 Yanni Gourde Evan Rodrigues Evgenii Dadonov 45 0 1 4
PowerPlay Defense
Defense Defense Time % Phy DF OF
1 Justin Faulk Oliver Ekman-Larsson 55 0 1 4
2 Alexander Edler Matt Roy 45 0 1 4
Penalty Kill 4 Players Forward
Center Wing Time % Phy DF OF
1 Yanni Gourde Riley Sheahan 55 0 4 1
2 Elias Lindholm Calle Jarnkrok 45 0 4 1
Penalty Kill 4 Players Defense
Defense Defense Time % Phy DF OF
1 Justin Faulk Ben Chiarot 50 0 4 1
2 Oliver Ekman-Larsson Matt Roy 50 0 4 1
Penalty Kill - 3 Players Forward
Forward Time % Phy DF OF
1 Yanni Gourde 50 0 5 0
2 Riley Sheahan 50 0 5 0
Penalty Kill - 3 Players Defense
Defense Defense Time % Phy DF OF
1 Justin Faulk Ben Chiarot 50 0 5 0
2 Oliver Ekman-Larsson Matt Roy 50 0 5 0
4 vs 4 Forward
Center Wing Time % Phy DF OF
1 Elias Lindholm Tyler Bertuzzi 50 0 3 2
2 Yanni Gourde Carter Verhaeghe 50 0 3 2
4 vs 4 Defense
Defense Defense Time % Phy DF OF
1 Justin Faulk Ben Chiarot 50 0 3 2
2 Oliver Ekman-Larsson Matt Roy 50 0 3 2
Last Minutes Offensive
Center Left Wing Right Wing Defense Defense
Elias Lindholm Tyler Bertuzzi Carter Verhaeghe Justin Faulk Oliver Ekman-Larsson
Last Minutes Defensive
Center Left Wing Right Wing Defense Defense
Elias Lindholm Riley Sheahan Yanni Gourde Ben Chiarot Matt Roy
Goaltenders
Starting : Mackenzie Blackwood
Backup : Linus Ullmark
Extra Forwards
Normal : Elias Lindholm, Yanni Gourde, Carter Verhaeghe - PP : Elias Lindholm, Yanni Gourde - PK : Elias Lindholm
Extra Defensemen
Normal : Justin Faulk, Oliver Ekman-Larsson, Alexander Edler - PP : Justin Faulk - PK : Ben Chiarot, Alexander Edler
Penalty Shots
Elias Lindholm, Tyler Bertuzzi, Carter Verhaeghe, Yanni Gourde, Evan Rodrigues
% Time on Ice - Vegas Golden Knights
Lines # - Real PCT - Wanted PCT - Time Play
Normal Forward
1 - 38% - 40% - 16:04
2 - 27% - 30% - 11:26
3 - 21% - 20% - 8:44
4 - 13% - 10% - 5:36
Normal Defense
1 - 45% - 40% - 18:52
2 - 30% - 30% - 12:37
3 - 21% - 20% - 8:48
4 - 4% - 10% - 1:33
PP Forward
1 - 51% - 60% - 2:39
2 - 49% - 40% - 2:34
PP Defense
1 - 58% - 60% - 3:01
2 - 42% - 40% - 2:12
PK Forward
1 - 75% - 60% - 8:59
2 - 25% - 40% - 2:55
PK Defense
1 - 65% - 60% - 7:42
2 - 35% - 40% - 4:12
PK3 Forward
1 - 0% - 60%
2 - 0% - 40%
PK3 Defense
1 - 0% - 60%
2 - 0% - 40%
44 Forward
1 - 0% - 60%
2 - 0% - 40%
44 Defense
1 - 0% - 60%
2 - 0% - 40%
Last Minute Offensive - 0:00
Last Minute Defensive - 1:03
Total
Forward - 60:00
Defense - 60:00
|
% Time on Ice - Philadelphia Flyers
Lines # - Real PCT - Wanted PCT - Time Play
Normal Forward
1 - 30% - 30% - 12:29
2 - 29% - 30% - 12:10
3 - 18% - 20% - 7:43
4 - 23% - 20% - 9:31
Normal Defense
1 - 35% - 35% - 14:43
2 - 35% - 35% - 14:50
3 - 29% - 30% - 12:20
4 - 0% - 0% - 0:00
PP Forward
1 - 56% - 55% - 6:38
2 - 44% - 45% - 5:16
PP Defense
1 - 50% - 55% - 5:59
2 - 50% - 45% - 5:55
PK Forward
1 - 66% - 55% - 3:28
2 - 34% - 45% - 1:45
PK Defense
1 - 57% - 50% - 2:57
2 - 43% - 50% - 2:16
PK3 Forward
1 - 0% - 50%
2 - 0% - 50%
PK3 Defense
1 - 0% - 50%
2 - 0% - 50%
44 Forward
1 - 0% - 50%
2 - 0% - 50%
44 Defense
1 - 0% - 50%
2 - 0% - 50%
Last Minute Offensive - 1:00
Last Minute Defensive - 0:00
Total
Forward - 60:00
Defense - 60:00
|
Play-by-Play
1st period
0:01 of 1st period - Jordan Staal wins face-off versus Elias Lindholm in neutral zone.
0:08 of 1st period - Slapshot by Tom Wilson.
0:08 of 1st period - Shot Misses the Net.
0:10 of 1st period - Minor Penalty to Ben Chiarot for Hooking.
0:11 of 1st period - Colin White wins face-off versus Yanni Gourde in Philadelphia Flyers zone.
0:36 of 1st period - Rickard Rakell is hit by Elias Lindholm and loses puck.
0:49 of 1st period - John Marino is hit by Calle Jarnkrok and loses puck.
1:25 of 1st period - Icing by Tom Wilson.
1:26 of 1st period - Elias Lindholm wins face-off versus Colin White in Vegas Golden Knights zone.
1:41 of 1st period - Snap shot by Rickard Rakell.
1:41 of 1st period - Shot Blocked by Yanni Gourde.
1:43 of 1st period - Snap shot by Vladislav Namestnikov.
1:43 of 1st period - Shot Blocked by Alexander Edler.
2:10 of 1st period - Penalty to Ben Chiarot is over, Ben Chiarot is back on ice.
3:22 of 1st period - Icing by Rickard Rakell.
3:23 of 1st period - Yanni Gourde wins face-off versus Anthony Cirelli in Vegas Golden Knights zone.
3:24 of 1st period - Snap shot by Carter Verhaeghe.
3:24 of 1st period - Stopped by Casey DeSmith without a rebound.
3:25 of 1st period - Anthony Cirelli wins face-off versus Yanni Gourde in Vegas Golden Knights zone.
3:50 of 1st period - Yanni Gourde is hit by John Marino.
4:30 of 1st period - Oliver Ekman-Larsson is hit by Andrew Peeke and loses puck.
4:45 of 1st period - Wrist shot by Anthony Cirelli.
4:45 of 1st period - Shot Blocked by Calle Jarnkrok.
4:47 of 1st period - Slapshot by Andrew Peeke.
4:47 of 1st period - Stopped by Mackenzie Blackwood without a rebound.
4:48 of 1st period - Riley Sheahan wins face-off versus Jordan Staal in Philadelphia Flyers zone.
4:57 of 1st period - Justin Faulk is hit by Tom Wilson and loses puck.
5:57 of 1st period - Snap shot by Colin White.
5:57 of 1st period - Deflect By Victor Olofsson.
5:57 of 1st period - Shot Misses the Net.
5:57 of 1st period - Puck is out of play.
5:58 of 1st period - Yanni Gourde wins face-off versus Colin White in Philadelphia Flyers zone.
6:05 of 1st period - Snap shot by Yanni Gourde.
6:05 of 1st period - Stopped by Casey DeSmith without a rebound.
6:06 of 1st period - Elias Lindholm wins face-off versus Jordan Staal in Vegas Golden Knights zone.
6:30 of 1st period - Icing by Jordan Staal.
6:31 of 1st period - Riley Sheahan wins face-off versus Jordan Staal in Vegas Golden Knights zone.
6:42 of 1st period - Wrist shot by Marcus Johansson.
6:42 of 1st period - Stopped by Casey DeSmith with a rebound.
7:03 of 1st period - Icing by Elias Lindholm.
7:04 of 1st period - Anthony Cirelli wins face-off versus Tyler Bertuzzi in Philadelphia Flyers zone.
7:07 of 1st period - Wrist shot by Jaden Schwartz.
7:07 of 1st period - Shot Misses the Net.
7:12 of 1st period - Off-side.
7:13 of 1st period - Anthony Cirelli wins face-off versus Calle Jarnkrok in neutral zone.
7:32 of 1st period - Minor Penalty to Andrew Peeke for Tripping.
7:33 of 1st period - Elias Lindholm wins face-off versus Jordan Staal in Vegas Golden Knights zone.
7:59 of 1st period - Jordan Staal is hit by Oliver Ekman-Larsson.
9:32 of 1st period - Penalty to Andrew Peeke is over, Andrew Peeke is back on ice.
9:46 of 1st period - Slapshot by P.K. Subban.
9:46 of 1st period - Shot Blocked by Justin Faulk.
9:48 of 1st period - Snap shot by Andreas Johnsson.
9:48 of 1st period - Deflect By Victor Olofsson.
9:48 of 1st period - Shot Misses the Net.
9:48 of 1st period - Puck is out of play.
9:49 of 1st period - Riley Sheahan wins face-off versus Andreas Johnsson in Philadelphia Flyers zone.
9:58 of 1st period - Wrist shot by Riley Sheahan.
9:58 of 1st period - Stopped by Casey DeSmith with a rebound.
10:08 of 1st period - Calvin de Haan is hit by Andreas Johnsson and loses puck.
10:29 of 1st period - Slapshot by Colin White.
10:29 of 1st period - Deflect By Victor Olofsson.
10:29 of 1st period - Shot Misses the Net.
10:29 of 1st period - Puck is out of play.
10:30 of 1st period - Tom Wilson wins face-off versus Elias Lindholm in Philadelphia Flyers zone.
10:31 of 1st period - Slapshot by Artemi Panarin.
10:31 of 1st period - Stopped by Mackenzie Blackwood with a rebound.
10:33 of 1st period - Slapshot by Marc Staal.
10:33 of 1st period - Deflect By Artemi Panarin.
10:33 of 1st period - Shot Misses the Net.
10:33 of 1st period - Puck is out of play.
10:34 of 1st period - Jordan Staal wins face-off versus Elias Lindholm in Philadelphia Flyers zone.
10:45 of 1st period - Slapshot by Artemi Panarin.
10:45 of 1st period - Stopped by Mackenzie Blackwood without a rebound.
10:46 of 1st period - Jordan Staal wins face-off versus Yanni Gourde in Philadelphia Flyers zone.
11:13 of 1st period - Wrist shot by Tomas Tatar.
11:13 of 1st period - Stopped by Casey DeSmith with a rebound.
11:15 of 1st period - Slapshot by Evan Rodrigues.
11:15 of 1st period - Shot Blocked by John Marino.
11:23 of 1st period - Slapshot by Evan Rodrigues.
11:23 of 1st period - Stopped by Casey DeSmith without a rebound.
11:24 of 1st period - Anthony Cirelli wins face-off versus Elias Lindholm in Vegas Golden Knights zone.
12:01 of 1st period - Snap shot by Evgenii Dadonov.
12:01 of 1st period - Stopped by Casey DeSmith with a rebound.
12:03 of 1st period - Slapshot by Oliver Ekman-Larsson.
12:03 of 1st period - Deflect By Evgenii Dadonov.
12:03 of 1st period - Shot Misses the Net.
12:03 of 1st period - Puck is out of play.
12:04 of 1st period - Jordan Staal wins face-off versus Calle Jarnkrok in Vegas Golden Knights zone.
12:06 of 1st period - Minor Penalty to Brian Dumoulin for Hooking.
12:07 of 1st period - Jordan Staal wins face-off versus Elias Lindholm in Vegas Golden Knights zone.
12:07 of 1st period - Jordan Staal is hit by Tyler Bertuzzi.
12:22 of 1st period - Snap shot by Tom Wilson.
12:22 of 1st period - Shot Misses the Net.
12:43 of 1st period - John Marino is hit by Yanni Gourde and loses puck.
14:06 of 1st period - Penalty to Brian Dumoulin is over, Brian Dumoulin is back on ice.
14:48 of 1st period - Alexander Edler is hit by Jonathan Drouin and loses puck.
15:05 of 1st period - Artemi Panarin is hit by Evgenii Dadonov and loses puck.
15:16 of 1st period - Snap shot by Victor Olofsson.
15:16 of 1st period - Goal by Victor Olofsson - Vegas Golden Knights : 1 - Philadelphia Flyers : 0.
15:17 of 1st period - Jordan Staal wins face-off versus Elias Lindholm in neutral zone.
15:20 of 1st period - Slapshot by Artemi Panarin.
15:20 of 1st period - Deflect By Tom Wilson.
15:20 of 1st period - Shot Blocked by Alexander Edler.
15:20 of 1st period - Puck is out of play.
15:21 of 1st period - Jordan Staal wins face-off versus Elias Lindholm in Philadelphia Flyers zone.
15:22 of 1st period - Snap shot by Artemi Panarin.
15:22 of 1st period - Stopped by Mackenzie Blackwood without a rebound.
15:23 of 1st period - Elias Lindholm wins face-off versus Jordan Staal in Philadelphia Flyers zone.
15:34 of 1st period - Wrist shot by Tyler Bertuzzi.
15:34 of 1st period - Stopped by Casey DeSmith without a rebound.
15:35 of 1st period - Yanni Gourde wins face-off versus Jordan Staal in Vegas Golden Knights zone.
15:44 of 1st period - Snap shot by Carter Verhaeghe.
15:44 of 1st period - Stopped by Casey DeSmith with a rebound.
15:47 of 1st period - Icing by Brian Dumoulin.
15:48 of 1st period - Jordan Staal wins face-off versus Yanni Gourde in Vegas Golden Knights zone.
15:57 of 1st period - Snap shot by Artemi Panarin.
15:57 of 1st period - Goal by Artemi Panarin - Vegas Golden Knights : 2 - Philadelphia Flyers : 0.
15:58 of 1st period - Elias Lindholm wins face-off versus Jordan Staal in neutral zone.
16:01 of 1st period - Wrist shot by Alexander Barabanov.
16:01 of 1st period - Shot Blocked by Tom Wilson.
16:07 of 1st period - Snap shot by Jordan Staal.
16:07 of 1st period - Shot Blocked by Justin Faulk.
16:09 of 1st period - Snap shot by Tom Wilson.
16:09 of 1st period - Stopped by Mackenzie Blackwood without a rebound.
16:10 of 1st period - Jordan Staal wins face-off versus Carter Verhaeghe in Philadelphia Flyers zone.
16:23 of 1st period - Snap shot by Tom Wilson.
16:23 of 1st period - Stopped by Mackenzie Blackwood without a rebound.
16:24 of 1st period - Elias Lindholm wins face-off versus Anthony Cirelli in Philadelphia Flyers zone.
16:51 of 1st period - Evgenii Dadonov is hit by Brian Dumoulin and loses puck.
16:59 of 1st period - Off-side.
17:00 of 1st period - Jordan Staal wins face-off versus Calle Jarnkrok in neutral zone.
17:03 of 1st period - Justin Faulk is hit by Tom Wilson and loses puck.
17:10 of 1st period - Snap shot by Tom Wilson.
17:10 of 1st period - Shot Blocked by Ben Chiarot.
17:12 of 1st period - Slapshot by Marc Staal.
17:12 of 1st period - Shot Blocked by Ben Chiarot.
17:14 of 1st period - Slapshot by Marc Staal.
17:14 of 1st period - Shot Blocked by Justin Faulk.
17:16 of 1st period - Wrist shot by Artemi Panarin.
17:16 of 1st period - Stopped by Mackenzie Blackwood without a rebound.
17:17 of 1st period - Anthony Cirelli wins face-off versus Tyler Bertuzzi in Philadelphia Flyers zone.
17:41 of 1st period - Icing by Alexander Barabanov.
17:42 of 1st period - Jordan Staal wins face-off versus Yanni Gourde in Philadelphia Flyers zone.
17:43 of 1st period - Wrist shot by Artemi Panarin.
17:43 of 1st period - Shot Blocked by Evgenii Dadonov.
17:45 of 1st period - Slapshot by Marc Staal.
17:45 of 1st period - Shot Misses the Net.
17:51 of 1st period - Snap shot by Artemi Panarin.
17:51 of 1st period - Shot Misses the Net.
17:58 of 1st period - Icing by Yanni Gourde.
17:59 of 1st period - Yanni Gourde wins face-off versus Zach Parise in Philadelphia Flyers zone.
18:51 of 1st period - Off-side.
18:52 of 1st period - Calle Jarnkrok wins face-off versus Jordan Staal in neutral zone.
Goals for this period are 2 for Vegas Golden Knights vs 0 for Philadelphia Flyers.
Shots for this period are 9 for Vegas Golden Knights vs 9 for Philadelphia Flyers.
2nd period
0:01 of 2nd period - Anthony Cirelli wins face-off versus Alexander Barabanov in neutral zone.
0:14 of 2nd period - Snap shot by Rickard Rakell.
0:14 of 2nd period - Shot Misses the Net.
0:16 of 2nd period - Slapshot by Brian Dumoulin.
0:16 of 2nd period - Stopped by Mackenzie Blackwood without a rebound.
0:17 of 2nd period - Calle Jarnkrok wins face-off versus Vladislav Namestnikov in Philadelphia Flyers zone.
0:20 of 2nd period - Wrist shot by Jonathan Drouin.
0:20 of 2nd period - Stopped by Mackenzie Blackwood with a rebound.
0:22 of 2nd period - Slapshot by Brian Dumoulin.
0:22 of 2nd period - Stopped by Mackenzie Blackwood with a rebound.
0:24 of 2nd period - Slapshot by John Marino.
0:24 of 2nd period - Stopped by Mackenzie Blackwood without a rebound.
0:25 of 2nd period - Calle Jarnkrok wins face-off versus Vladislav Namestnikov in Philadelphia Flyers zone.
0:25 of 2nd period - Calle Jarnkrok is hit by Vladislav Namestnikov.
0:37 of 2nd period - Backhand shot by Zach Parise.
0:37 of 2nd period - Shot Misses the Net.
0:39 of 2nd period - Slapshot by John Marino.
0:39 of 2nd period - Shot Misses the Net.
0:41 of 2nd period - Slapshot by John Marino.
0:41 of 2nd period - Deflect By Jonathan Drouin.
0:41 of 2nd period - Stopped by Mackenzie Blackwood with a rebound.
0:43 of 2nd period - Slapshot by Zach Parise.
0:43 of 2nd period - Shot Misses the Net.
0:45 of 2nd period - Snap shot by Vladislav Namestnikov.
0:45 of 2nd period - Stopped by Mackenzie Blackwood with a rebound.
0:47 of 2nd period - Slapshot by Zach Parise.
0:47 of 2nd period - Stopped by Mackenzie Blackwood without a rebound.
0:48 of 2nd period - Elias Lindholm wins face-off versus Anthony Cirelli in Philadelphia Flyers zone.
0:53 of 2nd period - Snap shot by Elias Lindholm.
0:53 of 2nd period - Goal by Elias Lindholm - Vegas Golden Knights : 2 - Philadelphia Flyers : 1.
0:54 of 2nd period - Yanni Gourde wins face-off versus Anthony Cirelli in neutral zone.
1:19 of 2nd period - Tyler Bertuzzi is hit by John Marino and loses puck.
2:07 of 2nd period - Slapshot by Marc-Edouard Vlasic.
2:07 of 2nd period - Stopped by Mackenzie Blackwood with a rebound.
2:09 of 2nd period - Wrist shot by Andreas Johnsson.
2:09 of 2nd period - Goal by Andreas Johnsson - Vegas Golden Knights : 3 - Philadelphia Flyers : 1.
2:10 of 2nd period - Anthony Cirelli wins face-off versus Yanni Gourde in neutral zone.
2:15 of 2nd period - Snap shot by Jaden Schwartz.
2:15 of 2nd period - Deflect By Yanni Gourde.
2:15 of 2nd period - Shot Blocked by Carter Verhaeghe.
2:15 of 2nd period - Puck is out of play.
2:16 of 2nd period - Yanni Gourde wins face-off versus Anthony Cirelli in Philadelphia Flyers zone.
3:10 of 2nd period - Snap shot by Tomas Tatar.
3:10 of 2nd period - Shot Misses the Net.
3:28 of 2nd period - Snap shot by Marcus Johansson.
3:28 of 2nd period - Shot Blocked by Marc Staal.
3:30 of 2nd period - Snap shot by Riley Sheahan.
3:30 of 2nd period - Deflect By Colin White.
3:30 of 2nd period - Shot Misses the Net.
3:30 of 2nd period - Puck is out of play.
3:31 of 2nd period - Riley Sheahan wins face-off versus Jordan Staal in Vegas Golden Knights zone.
3:58 of 2nd period - Snap shot by Anthony Cirelli.
3:58 of 2nd period - Shot Blocked by Riley Sheahan.
4:06 of 2nd period - Snap shot by Marcus Johansson.
4:06 of 2nd period - Shot Misses the Net.
4:08 of 2nd period - Slapshot by Alexander Edler.
4:08 of 2nd period - Shot Misses the Net.
4:10 of 2nd period - Snap shot by Marcus Johansson.
4:10 of 2nd period - Shot Misses the Net.
4:12 of 2nd period - Slapshot by Calvin de Haan.
4:12 of 2nd period - Shot Blocked by Marc-Edouard Vlasic.
4:14 of 2nd period - Slapshot by Riley Sheahan.
4:14 of 2nd period - Shot Misses the Net.
4:16 of 2nd period - Wrist shot by Riley Sheahan.
4:16 of 2nd period - Stopped by Casey DeSmith with a rebound.
4:37 of 2nd period - Snap shot by Marcus Johansson.
4:37 of 2nd period - Stopped by Casey DeSmith with a rebound.
4:39 of 2nd period - Slapshot by Riley Sheahan.
4:39 of 2nd period - Shot Misses the Net.
4:41 of 2nd period - Slapshot by Alexander Edler.
4:41 of 2nd period - Shot Blocked by Rickard Rakell.
4:57 of 2nd period - Wrist shot by Tyler Johnson.
4:57 of 2nd period - Shot Blocked by Marc-Edouard Vlasic.
4:59 of 2nd period - Slapshot by Calvin de Haan.
4:59 of 2nd period - Stopped by Casey DeSmith without a rebound.
5:00 of 2nd period - Elias Lindholm wins face-off versus Jordan Staal in Vegas Golden Knights zone.
5:31 of 2nd period - Snap shot by Zach Parise.
5:31 of 2nd period - Shot Misses the Net.
5:33 of 2nd period - Snap shot by Zach Parise.
5:33 of 2nd period - Stopped by Mackenzie Blackwood without a rebound.
5:34 of 2nd period - Vladislav Namestnikov wins face-off versus Yanni Gourde in Philadelphia Flyers zone.
5:40 of 2nd period - Minor Penalty to Yanni Gourde for Tripping.
5:41 of 2nd period - Elias Lindholm wins face-off versus Colin White in Philadelphia Flyers zone.
6:19 of 2nd period - Wrist shot by Andreas Johnsson.
6:19 of 2nd period - Stopped by Mackenzie Blackwood with a rebound.
6:21 of 2nd period - Slapshot by Jaden Schwartz.
6:21 of 2nd period - Stopped by Mackenzie Blackwood with a rebound.
6:23 of 2nd period - Slapshot by P.K. Subban.
6:23 of 2nd period - Shot Blocked by Justin Faulk.
7:40 of 2nd period - Penalty to Yanni Gourde is over, Yanni Gourde is back on ice.
7:44 of 2nd period - Slapshot by Justin Faulk.
7:44 of 2nd period - Deflect By Marcus Johansson.
7:44 of 2nd period - Stopped by Casey DeSmith without a rebound.
7:45 of 2nd period - Yanni Gourde wins face-off versus Jordan Staal in Vegas Golden Knights zone.
7:50 of 2nd period - Snap shot by Evgenii Dadonov.
7:50 of 2nd period - Stopped by Casey DeSmith with a rebound.
8:03 of 2nd period - Icing by Evgenii Dadonov.
8:04 of 2nd period - Yanni Gourde wins face-off versus Jordan Staal in Philadelphia Flyers zone.
8:25 of 2nd period - Snap shot by Carter Verhaeghe.
8:25 of 2nd period - Stopped by Casey DeSmith without a rebound.
8:26 of 2nd period - Elias Lindholm wins face-off versus Vladislav Namestnikov in Vegas Golden Knights zone.
8:41 of 2nd period - Elias Lindholm is hit by Vladislav Namestnikov and loses puck.
8:59 of 2nd period - Slapshot by Tomas Tatar.
8:59 of 2nd period - Shot Misses the Net.
9:01 of 2nd period - Slapshot by Oliver Ekman-Larsson.
9:01 of 2nd period - Shot Blocked by Artemi Panarin.
10:02 of 2nd period - Snap shot by Tyler Bertuzzi.
10:02 of 2nd period - Shot Misses the Net.
10:04 of 2nd period - Snap shot by Tyler Bertuzzi.
10:04 of 2nd period - Stopped by Casey DeSmith without a rebound.
10:05 of 2nd period - Elias Lindholm wins face-off versus Jordan Staal in Vegas Golden Knights zone.
10:16 of 2nd period - Wrist shot by Tom Wilson.
10:16 of 2nd period - Shot Misses the Net.
10:52 of 2nd period - Andrew Peeke is hit by Alexander Edler and loses puck.
11:03 of 2nd period - Slapshot by Tyler Bertuzzi.
11:03 of 2nd period - Shot Misses the Net.
11:05 of 2nd period - Wrist shot by Elias Lindholm.
11:05 of 2nd period - Deflect By Tyler Bertuzzi.
11:05 of 2nd period - Shot Misses the Net.
11:05 of 2nd period - Puck is out of play.
11:06 of 2nd period - Yanni Gourde wins face-off versus Anthony Cirelli in Vegas Golden Knights zone.
11:21 of 2nd period - Snap shot by Evgenii Dadonov.
11:21 of 2nd period - Stopped by Casey DeSmith with a rebound.
11:32 of 2nd period - Icing by Carter Verhaeghe.
11:33 of 2nd period - Vladislav Namestnikov wins face-off versus Yanni Gourde in Philadelphia Flyers zone.
11:37 of 2nd period - Snap shot by Vladislav Namestnikov.
11:37 of 2nd period - Shot Misses the Net.
11:39 of 2nd period - Snap shot by Vladislav Namestnikov.
11:39 of 2nd period - Shot Misses the Net.
11:43 of 2nd period - Wrist shot by Vladislav Namestnikov.
11:43 of 2nd period - Stopped by Mackenzie Blackwood without a rebound.
11:44 of 2nd period - Calle Jarnkrok wins face-off versus Anthony Cirelli in Philadelphia Flyers zone.
11:44 of 2nd period - Calle Jarnkrok is hit by Anthony Cirelli.
12:25 of 2nd period - Minor Penalty to Andrew Peeke for Roughing.
12:26 of 2nd period - Jordan Staal wins face-off versus Elias Lindholm in Vegas Golden Knights zone.
13:08 of 2nd period - Wrist shot by Yanni Gourde.
13:08 of 2nd period - Shot Misses the Net.
14:25 of 2nd period - Penalty to Andrew Peeke is over, Andrew Peeke is back on ice.
14:30 of 2nd period - Andrew Peeke is hit by Justin Faulk.
14:41 of 2nd period - Icing by Brian Dumoulin.
14:42 of 2nd period - Anthony Cirelli wins face-off versus Riley Sheahan in Vegas Golden Knights zone.
15:07 of 2nd period - Colin White is hit by Alexander Edler and loses puck.
15:30 of 2nd period - Snap shot by Tom Wilson.
15:30 of 2nd period - Stopped by Mackenzie Blackwood with a rebound.
15:32 of 2nd period - Slapshot by John Marino.
15:32 of 2nd period - Shot Blocked by Oliver Ekman-Larsson.
16:00 of 2nd period - Minor Penalty to P.K. Subban for Tripping.
16:01 of 2nd period - Elias Lindholm wins face-off versus Jordan Staal in Vegas Golden Knights zone.
16:36 of 2nd period - Snap shot by Evgenii Dadonov.
16:36 of 2nd period - Shot Misses the Net.
18:00 of 2nd period - Penalty to P.K. Subban is over, P.K. Subban is back on ice.
18:12 of 2nd period - Wrist shot by Victor Olofsson.
18:12 of 2nd period - Stopped by Mackenzie Blackwood with a rebound.
18:14 of 2nd period - Wrist shot by Andreas Johnsson.
18:14 of 2nd period - Stopped by Mackenzie Blackwood with a rebound.
18:16 of 2nd period - Slapshot by Andrew Peeke.
18:16 of 2nd period - Shot Blocked by Justin Faulk.
18:18 of 2nd period - Slapshot by Marc Staal.
18:18 of 2nd period - Stopped by Mackenzie Blackwood with a rebound.
18:20 of 2nd period - Backhand shot by Andrew Peeke.
18:20 of 2nd period - Shot Blocked by Tyler Johnson.
18:36 of 2nd period - Slapshot by Zach Parise.
18:36 of 2nd period - Deflect By Jonathan Drouin.
18:36 of 2nd period - Shot Misses the Net.
18:36 of 2nd period - Puck is out of play.
18:37 of 2nd period - Riley Sheahan wins face-off versus Rickard Rakell in Philadelphia Flyers zone.
18:53 of 2nd period - Riley Sheahan is hit by Brian Dumoulin and loses puck.
19:55 of 2nd period - Off-side.
19:56 of 2nd period - Elias Lindholm wins face-off versus Anthony Cirelli in neutral zone.
Goals for this period are 1 for Vegas Golden Knights vs 1 for Philadelphia Flyers.
Shots for this period are 17 for Vegas Golden Knights vs 9 for Philadelphia Flyers.
3rd period
0:01 of 3rd period - Yanni Gourde wins face-off versus Artemi Panarin in neutral zone.
0:10 of 3rd period - Snap shot by Carter Verhaeghe.
0:10 of 3rd period - Shot Misses the Net.
0:12 of 3rd period - Slapshot by Carter Verhaeghe.
0:12 of 3rd period - Stopped by Casey DeSmith without a rebound.
0:13 of 3rd period - Yanni Gourde wins face-off versus Jordan Staal in Vegas Golden Knights zone.
0:14 of 3rd period - Snap shot by Carter Verhaeghe.
0:14 of 3rd period - Stopped by Casey DeSmith with a rebound.
0:16 of 3rd period - Slapshot by Oliver Ekman-Larsson.
0:16 of 3rd period - Stopped by Casey DeSmith with a rebound.
0:18 of 3rd period - Slapshot by Matt Roy.
0:18 of 3rd period - Stopped by Casey DeSmith without a rebound.
0:19 of 3rd period - Yanni Gourde wins face-off versus Jordan Staal in Vegas Golden Knights zone.
0:55 of 3rd period - Wrist shot by Tyler Bertuzzi.
0:55 of 3rd period - Shot Misses the Net.
0:57 of 3rd period - Slapshot by Matt Roy.
0:57 of 3rd period - Shot Blocked by Anthony Cirelli.
1:09 of 3rd period - Wrist shot by Marcus Johansson.
1:09 of 3rd period - Stopped by Casey DeSmith without a rebound.
1:10 of 3rd period - Vladislav Namestnikov wins face-off versus Tyler Johnson in Vegas Golden Knights zone.
1:16 of 3rd period - Marc Staal is hit by Tyler Johnson and loses puck.
1:44 of 3rd period - Snap shot by Artemi Panarin.
1:44 of 3rd period - Stopped by Mackenzie Blackwood with a rebound.
1:56 of 3rd period - Wrist shot by Evgenii Dadonov.
1:56 of 3rd period - Goal by Evgenii Dadonov - Vegas Golden Knights : 3 - Philadelphia Flyers : 2.
1:57 of 3rd period - Jordan Staal wins face-off versus Yanni Gourde in neutral zone.
2:06 of 3rd period - John Marino is hit by Evgenii Dadonov and loses puck.
2:13 of 3rd period - Wrist shot by Yanni Gourde.
2:13 of 3rd period - Shot Misses the Net.
2:23 of 3rd period - John Marino is hit by Tomas Tatar and loses puck.
2:45 of 3rd period - Minor Penalty to Oliver Ekman-Larsson for Roughing.
2:46 of 3rd period - Yanni Gourde wins face-off versus Vladislav Namestnikov in Philadelphia Flyers zone.
3:20 of 3rd period - Off-side.
3:21 of 3rd period - Elias Lindholm wins face-off versus Colin White in neutral zone.
3:52 of 3rd period - Off-side.
3:53 of 3rd period - Colin White wins face-off versus Elias Lindholm in neutral zone.
3:56 of 3rd period - Slapshot by Jaden Schwartz.
3:56 of 3rd period - Stopped by Mackenzie Blackwood with a rebound.
3:58 of 3rd period - Slapshot by P.K. Subban.
3:58 of 3rd period - Shot Misses the Net.
4:00 of 3rd period - Snap shot by Tom Wilson.
4:00 of 3rd period - Goal by Tom Wilson - Vegas Golden Knights : 4 - Philadelphia Flyers : 2.
4:01 of 3rd period - Elias Lindholm wins face-off versus Jordan Staal in neutral zone.
4:14 of 3rd period - Snap shot by Elias Lindholm.
4:14 of 3rd period - Shot Blocked by Brian Dumoulin.
4:16 of 3rd period - Slapshot by Elias Lindholm.
4:16 of 3rd period - Stopped by Casey DeSmith with a rebound.
4:18 of 3rd period - Wrist shot by Tyler Bertuzzi.
4:18 of 3rd period - Shot Misses the Net.
4:38 of 3rd period - Slapshot by Rickard Rakell.
4:38 of 3rd period - Stopped by Mackenzie Blackwood without a rebound.
4:39 of 3rd period - Elias Lindholm wins face-off versus Vladislav Namestnikov in Philadelphia Flyers zone.
4:46 of 3rd period - Snap shot by Tyler Bertuzzi.
4:46 of 3rd period - Stopped by Casey DeSmith without a rebound.
4:47 of 3rd period - Elias Lindholm wins face-off versus Vladislav Namestnikov in Vegas Golden Knights zone.
5:14 of 3rd period - Snap shot by Tyler Bertuzzi.
5:14 of 3rd period - Stopped by Casey DeSmith without a rebound.
5:15 of 3rd period - Yanni Gourde wins face-off versus Tom Wilson in Vegas Golden Knights zone.
5:30 of 3rd period - Slapshot by Evgenii Dadonov.
5:30 of 3rd period - Stopped by Casey DeSmith without a rebound.
5:31 of 3rd period - Elias Lindholm wins face-off versus Anthony Cirelli in Vegas Golden Knights zone.
6:19 of 3rd period - Snap shot by Tyler Johnson.
6:19 of 3rd period - Goal by Tyler Johnson - Vegas Golden Knights : 4 - Philadelphia Flyers : 3.
6:20 of 3rd period - Jordan Staal wins face-off versus Yanni Gourde in neutral zone.
6:31 of 3rd period - Slapshot by Carter Verhaeghe.
6:31 of 3rd period - Stopped by Casey DeSmith with a rebound.
6:47 of 3rd period - Brian Dumoulin is hit by Alexander Barabanov and loses puck.
7:32 of 3rd period - Wrist shot by Victor Olofsson.
7:32 of 3rd period - Stopped by Mackenzie Blackwood with a rebound.
7:40 of 3rd period - Snap shot by Tyler Johnson.
7:40 of 3rd period - Shot Misses the Net.
8:54 of 3rd period - Snap shot by Colin White.
8:54 of 3rd period - Deflect By Victor Olofsson.
8:54 of 3rd period - Shot Misses the Net.
8:54 of 3rd period - Puck is out of play.
8:55 of 3rd period - Colin White wins face-off versus Yanni Gourde in Philadelphia Flyers zone.
9:10 of 3rd period - Snap shot by Yanni Gourde.
9:10 of 3rd period - Shot Blocked by P.K. Subban.
9:27 of 3rd period - Snap shot by Tyler Bertuzzi.
9:27 of 3rd period - Shot Misses the Net.
9:29 of 3rd period - Slapshot by Justin Faulk.
9:29 of 3rd period - Stopped by Casey DeSmith without a rebound.
9:30 of 3rd period - Jordan Staal wins face-off versus Calle Jarnkrok in Vegas Golden Knights zone.
9:30 of 3rd period - Minor Penalty to Tom Wilson for Tripping.
9:31 of 3rd period - Jordan Staal wins face-off versus Elias Lindholm in Vegas Golden Knights zone.
11:30 of 3rd period - Penalty to Tom Wilson is over, Tom Wilson is back on ice.
11:58 of 3rd period - Slapshot by Tomas Tatar.
11:58 of 3rd period - Shot Misses the Net.
12:00 of 3rd period - Slapshot by Calle Jarnkrok.
12:00 of 3rd period - Deflect By Evan Rodrigues.
12:00 of 3rd period - Shot Misses the Net.
12:00 of 3rd period - Puck is out of play.
12:01 of 3rd period - Jordan Staal wins face-off versus Calle Jarnkrok in Vegas Golden Knights zone.
12:33 of 3rd period - Tyler Johnson is hit by Vladislav Namestnikov and loses puck.
12:52 of 3rd period - Slapshot by Tyler Bertuzzi.
12:52 of 3rd period - Shot Blocked by Jonathan Drouin.
12:54 of 3rd period - Wrist shot by Elias Lindholm.
12:54 of 3rd period - Shot Misses the Net.
12:56 of 3rd period - Snap shot by Justin Faulk.
12:56 of 3rd period - Stopped by Casey DeSmith without a rebound.
12:57 of 3rd period - Jordan Staal wins face-off versus Yanni Gourde in Vegas Golden Knights zone.
12:57 of 3rd period - Jordan Staal is hit by Yanni Gourde.
13:07 of 3rd period - Slapshot by Marc Staal.
13:07 of 3rd period - Stopped by Mackenzie Blackwood with a rebound.
13:09 of 3rd period - Snap shot by Tom Wilson.
13:09 of 3rd period - Shot Blocked by Justin Faulk.
13:11 of 3rd period - Snap shot by Artemi Panarin.
13:11 of 3rd period - Stopped by Mackenzie Blackwood with a rebound.
13:13 of 3rd period - Snap shot by Marc Staal.
13:13 of 3rd period - Stopped by Mackenzie Blackwood with a rebound.
13:31 of 3rd period - Wrist shot by Tyler Bertuzzi.
13:31 of 3rd period - Stopped by Casey DeSmith with a rebound.
13:33 of 3rd period - Wrist shot by Tyler Bertuzzi.
13:33 of 3rd period - Shot Blocked by Rickard Rakell.
13:47 of 3rd period - Slapshot by Colin White.
13:47 of 3rd period - Shot Misses the Net.
13:49 of 3rd period - Slapshot by Victor Olofsson.
13:49 of 3rd period - Shot Misses the Net.
14:07 of 3rd period - Tom Wilson is hit by Calvin de Haan and loses puck.
14:37 of 3rd period - P.K. Subban is hit by Oliver Ekman-Larsson and loses puck.
14:58 of 3rd period - Snap shot by Tyler Bertuzzi.
14:58 of 3rd period - Stopped by Casey DeSmith with a rebound.
15:16 of 3rd period - Colin White is hit by Evan Rodrigues and loses puck.
15:58 of 3rd period - Wrist shot by Rickard Rakell.
15:58 of 3rd period - Shot Misses the Net.
16:34 of 3rd period - Minor Penalty to Marc Staal for High sticking.
16:35 of 3rd period - Elias Lindholm wins face-off versus Jordan Staal in Vegas Golden Knights zone.
16:48 of 3rd period - Wrist shot by Carter Verhaeghe.
16:48 of 3rd period - Stopped by Casey DeSmith without a rebound.
16:49 of 3rd period - Jordan Staal wins face-off versus Elias Lindholm in Vegas Golden Knights zone.
17:00 of 3rd period - Andrew Peeke is hit by Elias Lindholm and loses puck.
17:20 of 3rd period - John Marino is hit by Alexander Edler and loses puck.
18:34 of 3rd period - Penalty to Marc Staal is over, Marc Staal is back on ice.
19:07 of 3rd period - P.K. Subban is hit by Ben Chiarot and loses puck.
19:10 of 3rd period - Philadelphia Flyers, Mackenzie Blackwood is pulled from the net.
19:24 of 3rd period - Slapshot by Tyler Bertuzzi.
19:24 of 3rd period - Stopped by Casey DeSmith without a rebound.
19:25 of 3rd period - Phil Housley call a timeout for Philadelphia Flyers.
19:25 of 3rd period - Jordan Staal wins face-off versus Elias Lindholm in Vegas Golden Knights zone.
19:27 of 3rd period - Icing by Zach Parise.
19:28 of 3rd period - Jordan Staal wins face-off versus Tyler Bertuzzi in Vegas Golden Knights zone.
19:39 of 3rd period - Snap shot by Zach Parise.
19:39 of 3rd period - Shot Misses the Net.
19:57 of 3rd period - Slapshot by Carter Verhaeghe.
19:57 of 3rd period - Shot Misses the Net.
19:59 of 3rd period - Snap shot by Elias Lindholm.
19:59 of 3rd period - Stopped by Casey DeSmith without a rebound.
Goals for this period are 1 for Vegas Golden Knights vs 2 for Philadelphia Flyers.
Shots for this period are 8 for Vegas Golden Knights vs 19 for Philadelphia Flyers.
Back to the Top